Map: Abyssal Reef LE

Players

Solbessx

  • Race: Zerg Zerg
  • Spawn Location: 5:00

Botvinnik - Winner!

  • Race: Terran Terran
  • Spawn Location: 11:00

Event: WCS Valencia 2017

VOD

Have the link to the VOD?

Description

Time

  • Played on: July 13, 2017, 8:22 a.m.
  • Length: 12:21

All games in this series

Show
View Real Time Build Order
Export as new Build Order

Solbessx Zerg 

Build Orders: Hatch First, Muta Ling Bane 

Get SALT Encoding   

  12  0:00  Drone  
  13  0:13  Overlord  
  13  0:17  Drone  
  14  0:31  Drone x2  
  14  0:35  Drone  
  17  0:52  Hatchery  
  17  0:55  Drone  
  17  0:59  Drone  
  18  1:08  Extractor  
  17  1:13  Spawning Pool  
  17  1:16  Drone  
  17  1:20  Drone  
  18  1:28  Drone  
  19  1:39  Overlord  
  19  2:00  Queen  
  19  2:01  Zergling x4  
  23  2:04  Queen, Drone  
  26  2:08  Metabolic Boost  
  26  2:11  Drone  
  27  2:15  Drone  
  27  2:22  Drone  
  29  2:27  Drone  
  30  2:33  Drone  
  30  2:39  Queen  
  30  2:43  Overlord  
  32  2:45  Drone  
  32  2:47  Pneumatized Carapace  
  32  2:48  Drone  
  34  2:54  Zergling x2  
  35  3:03  Drone  
  36  3:06  Drone  
  36  3:09  Drone  
  38  3:13  Drone x3  
  38  3:14  Overlord  
  41  3:25  Hatchery  
  40  3:31  Drone  
  40  3:32  Drone, Overlord  
  40  3:33  Drone  
  43  3:34  Drone  
  44  3:46  Zergling x8  
  48  3:50  Drone x3  
  48  3:51  Drone  
  52  3:56  Drone  
  52  4:00  Drone  
  54  4:04  Evolution Chamber x2  
  54  4:09  Drone  
  54  4:10  Drone  
  54  4:16  Queen x2  
  58  4:17  Drone  
  58  4:20  Spore Crawler, Zergling x2  
  58  4:21  Spore Crawler  
  58  4:23  Overlord  
  58  4:38  Zerg Ground Armor Level 1, Zerg Melee Weapons Level 1  
  58  4:41  Zergling x8  
  62  4:47  Drone x2  
  62  4:52  Spore Crawler  
  63  4:55  Spore Crawler  
  61  5:06  Zergling x12  
  67  5:07  Overlord  
  67  5:17  Drone x3, Overlord  
  67  5:18  Drone  
  71  5:22  Drone  
  71  5:23  Overlord  
  71  5:24  Lair  
  71  5:26  Drone  
  71  5:27  Baneling Nest, Drone, Overlord  
  71  5:28  Drone x2  
  74  5:34  Drone x4  
  79  5:40  Drone, Overlord  
  81  5:42  Drone  
  81  5:43  Drone  
  81  5:52  Extractor x2  
  79  5:57  Drone x3  
  79  5:58  Drone x3  
  79  6:00  Burrow  
  79  6:02  Extractor  
  79  6:03  Extractor, Drone  
  79  6:04  Drone x2  
  86  6:05  Drone x2  
  88  6:30  Hatchery  
  88  6:32  Zergling x16  
  95  6:33  Zergling x10  
  95  6:35  Hatchery  
  95  6:38  Zerg Melee Weapons Level 2  
  99  6:45  Overseer  
  99  6:53  Overlord x2  
  99  6:57  Drone x3  
  99  6:58  Extractor  
  99  6:59  Drone  
  99  7:00  Overlord x4  
  102  7:07  Baneling  
  102  7:08  Baneling x3  
  102  7:11  Zergling x12  
  102  7:12  Zergling x4  
  110  7:29  Overlord x2  
  110  7:32  Spire, Drone x3  
  110  7:33  Drone x6  
  117  7:41  Overlord x2  
  115  7:54  Centrifical Hooks  
  115  7:56  Zerg Ground Armor Level 2  
  109  7:58  Zergling x2  
  109  7:59  Zergling x26  
  122  8:07  Drone  
  122  8:08  Drone x2  
  125  8:12  Baneling  
  125  8:13  Baneling x11  
  125  8:25  Zergling x2  
  125  8:26  Zergling x24  
  106  8:49  Zergling x2  
  106  8:50  Zergling x28  
  112  9:00  Zergling x2  
  112  9:01  Queen x3, Zergling x10  
  114  9:05  Zergling x8  
  106  9:21  Zergling x6  
  106  9:22  Zergling x16  
  110  9:26  Baneling  
  110  9:27  Baneling x4  
  110  9:36  Mutalisk x6  
  110  9:37  Mutalisk  
  110  9:38  Overseer  
  124  9:41  Mutalisk  
  124  9:43  Zerg Flyer Weapons Level 1  
  124  9:45  Baneling x5  
  126  9:46  Baneling x6  
  126  9:47  Extractor, Hatchery  
  126  9:50  Extractor  
  123  9:56  Mutalisk x3  
  113  10:09  Zergling x18  
  122  10:18  Baneling x4  
  122  10:26  Mutalisk  
  122  10:27  Mutalisk x7  
  137  10:35  Mutalisk  
  132  10:38  Zergling x8  
  132  10:39  Zergling x10  
  132  10:42  Baneling x6  
  143  10:43  Baneling  
  143  10:51  Mutalisk  
  143  10:57  Zergling x2  
  143  10:58  Zergling x6  
  139  11:08  Zergling x2  
  139  11:09  Zergling x18  
  134  11:17  Zergling x8  
  134  11:18  Zergling x2  
  138  11:24  Baneling  
  138  11:25  Baneling x3  
  136  11:26  Zergling x10  
  139  11:33  Zergling x6  
  139  11:34  Zergling x6  
  128  11:42  Mutalisk x4  
  128  11:45  Zergling x2  
  127  11:50  Zergling x2  
  120  11:55  Baneling x13  
  99  12:04  Zergling x8  
Show
View Real Time Build Order
Export as new Build Order

Botvinnik Terran - Winner!

Build Orders: Reaper Expand, Bio Mine, Hellion Banshee 

Get SALT Encoding   

  12  0:00  SCV  
  13  0:13  SCV  
  14  0:17  Supply Depot  
  14  0:25  SCV  
  15  0:30  Refinery  
  15  0:39  SCV  
  16  0:44  Barracks  
  16  0:51  SCV  
  17  1:03  SCV  
  18  1:15  SCV  
  19  1:31  Orbital Command, Reaper  
  20  1:45  Command Center  
  20  1:54  Factory  
  20  1:57  SCV  
  21  2:05  Supply Depot  
  21  2:09  SCV  
  21  2:11  Barracks Reactor  
  21  2:15  Refinery  
  22  2:21  SCV  
  23  2:33  SCV  
  24  2:46  SCV  
  24  2:47  Starport  
  25  2:52  Hellion x2  
  25  2:55  Barracks Tech Lab  
  30  2:58  Orbital Command  
  30  2:59  SCV  
  30  3:11  Supply Depot  
  30  3:13  SCV  
  30  3:18  Hellion x2  
  35  3:25  SCV  
  36  3:28  SCV  
  36  3:31  Barracks Tech Lab  
  36  3:33  Cloaking Field  
  37  3:37  SCV  
  38  3:41  SCV  
  38  3:44  Banshee  
  42  3:49  SCV  
  42  3:53  SCV  
  42  3:55  Supply Depot  
  44  3:57  Stimpack  
  44  3:58  Hellion  
  44  4:01  SCV  
  44  4:02  Hellion  
  49  4:07  SCV  
  50  4:13  SCV  
  51  4:27  Banshee  
  51  4:28  Command Center  
  54  4:35  SCV x2  
  55  4:44  Marine  
  56  4:46  Factory Reactor  
  56  4:49  Supply Depot  
  56  4:50  Supply Depot  
  56  4:57  SCV x2  
  58  5:06  Marine  
  59  5:11  Barracks  
  59  5:12  Barracks  
  59  5:16  SCV x2  
  59  5:18  Refinery  
  59  5:19  Engineering Bay, Refinery  
  59  5:20  Engineering Bay  
  61  5:25  Marine  
  59  5:33  Factory Reactor  
  59  5:35  Starport Reactor  
  59  5:36  Barracks  
  59  5:38  SCV x2, Barracks  
  59  5:41  Orbital Command  
  61  5:43  Marine  
  62  5:51  Terran Infantry Armor Level 1, Terran Infantry Weapons Level 1  
  62  5:56  SCV x2  
  64  6:00  Marine x2, Combat Shields  
  64  6:01  Marine  
  67  6:06  Marine x2  
  67  6:08  SCV x2  
  71  6:17  Marine x2  
  73  6:19  Marine  
  73  6:20  Orbital Command, SCV x2  
  73  6:22  Supply Depot  
  73  6:23  Marine  
  73  6:24  Supply Depot  
  77  6:25  Barracks Reactor  
  77  6:26  Barracks Reactor, Marine  
  77  6:27  Widow Mine x2  
  82  6:32  SCV  
  82  6:33  SCV  
  84  6:45  SCV x2  
  84  6:46  SCV  
  84  6:47  Marine x5  
  87  6:48  Supply Depot x2  
  92  6:55  Bunker  
  92  6:56  Medivac x2  
  92  6:57  SCV  
  92  6:58  Factory  
  92  7:00  Widow Mine  
  99  7:02  Armory  
  99  7:06  SCV  
  99  7:07  SCV  
  101  7:09  SCV  
  102  7:15  Marine x3  
  102  7:16  Marine x5  
  110  7:26  Supply Depot  
  110  7:30  Supply Depot x2  
  110  7:31  Marine  
  111  7:39  Marine  
  111  7:40  Marine x3  
  111  7:42  Widow Mine x2  
  117  7:44  Widow Mine  
  119  7:53  SCV x3  
  119  7:54  Refinery  
  119  7:56  Marine x5  
  119  7:58  Marine x2  
  129  8:05  Marine x2  
  129  8:06  Terran Infantry Armor Level 2, Terran Infantry Weapons Level 2  
  129  8:10  SCV x3  
  134  8:14  Marine, Widow Mine x3  
  141  8:21  Supply Depot  
  141  8:22  Supply Depot  
  141  8:23  Marine x3  
  144  8:31  Marine x2  
  144  8:32  Marine x3  
  149  8:39  Supply Depot  
  149  8:40  Marine, Supply Depot  
  150  8:42  Marine x3, Widow Mine x3  
  150  8:47  Medivac  
  137  8:49  Marine x3  
  137  8:50  Marine x2  
  137  8:54  Medivac  
  140  9:00  Marine x3  
  140  9:01  Marine  
  134  9:09  Marine  
  134  9:10  Marine x4  
  79  9:17  Medivac  
  136  9:18  Marine x3  
  136  9:24  Medivac  
  133  9:29  Marine x3, Command Center  
  133  9:30  Marine x3, Barracks  
  138  9:32  Barracks x2  
  138  9:35  Missile Turret  
  138  9:42  Marine x2  
  140  9:46  Marine  
  140  9:47  Marine x2, Medivac  
  145  9:53  Medivac  
  141  10:06  Widow Mine x3  
  127  10:08  Marine  
  127  10:09  Marine x7  
  127  10:10  Marine  
  134  10:21  Barracks Tech Lab  
  134  10:22  Barracks Tech Lab x2  
  134  10:26  Marine x2  
  134  10:28  Marauder  
  136  10:30  Marine x5  
  136  10:31  Marine  
  136  10:34  Widow Mine x2  
  141  10:42  Drilling Claws  
  141  10:44  Marine x2  
  141  10:46  Marine x2  
  141  10:48  Concussive Shells  
  141  10:49  Marauder  
  146  10:51  Missile Turret  
  146  10:56  Marine x3  
  146  10:57  Marauder, Marine x2  
  151  11:01  Marine  
  151  11:02  Marine x2  
  158  11:04  Marauder  
  158  11:06  Medivac x2  
  158  11:07  Marauder  
  158  11:10  Marine  
  148  11:11  Missile Turret  
  148  11:14  Marine x4  
  145  11:18  Planetary Fortress  
  145  11:21  Marauder, Marine  
  145  11:22  Marine  
  151  11:26  Marauder  
  151  11:32  Marauder, Marine x2  
  152  11:36  Marine x5  
  152  11:39  Marine  
  147  11:40  Marine  
  147  11:42  Marauder  
  147  11:46  Marine  
  137  11:49  Missile Turret  
  137  11:50  Marine x2  
  137  11:53  Marine x2  
  137  11:54  Marine x2  
  144  11:56  Marine x2  
  140  12:02  Marine  
  140  12:03  Marine x2  
Tags
 
Add a new tag
Caveats
  • Supply blocks, unpowered buildings, or Contaminate may cause inaccurate times.
  • Supply counts are checked every 10 seconds.